AoeStats
← Jumala

Nomad

509434530Analyzed
2v2 RM · 6d ago on Sep 26, 2026· 51m 27s· 4 players
Game mode
Random Map
Map size
176×176
Population
200
Speed
Normal
Resources
Standard
Victory
Conquest
Starting age
Dark Age
Ending age
Imperial Age
RankedLock teamsTeams togetherTeam positionsShared explorationLock speedFull tech treeHidden civsTurbo modeCheats
Victory
Defeat
🇨🇦 Italians · Canada
1098
+15
🇺🇸 Varangians · United States
1053
+17
🇩🇪 Japanese · Germany
1070
-16
🇩🇪 Varangians · Germany
1068
-16
Jumala
5:48 Loom
14:12 Feudal Age
15:03 Double-Bit Axe
20:26 Castle Age
19:26 Fletching
19:33 Gold Mining
21:19 Crossbowman
21:58 Bodkin Arrow
22:14 Forging
23:04 Medium Warships
26:43 Ballistics
31:30 Town Watch
32:23 Stone Mining
41:40 Iron Casting
41:06 Scale Mail Armor
41:23 Elite Skirmisher
44:53 Padded Archer Armor
46:48 Thumb Ring
49:44 Bow Saw
50:01 Chain Mail Armor
51:50 Gold Shaft Mining
51:37 Leather Archer Armor
lucky
5:17 Loom
14:36 Feudal Age
20:36 Castle Age
21:46 Scale Mail Armor
21:33 Pikeman
28:19 Gold Mining
29:48 Squires
33:43 Arson
33:44 Gambesons
49:09 Elite Skirmisher
KnightTrainLane
12:06 Loom
14:24 Feudal Age
15:07 Double-Bit Axe
15:03 Horse Collar
17:32 Town Watch
21:58 Bloodlines
24:12 Castle Age
25:27 Fletching
25:01 Light Cavalry
25:42 Husbandry
26:13 Gold Mining
30:21 Scale Barding Armor
33:49 Stone Mining
35:32 Wheelbarrow
35:40 Bodkin Arrow
37:57 Chain Barding Armor
38:30 Heavy Plow
40:13 Forging
41:55 Vendel Legacy
43:48 Iron Casting
48:48 Imperial Age
Soft_Feather
14:27 Feudal Age
17:39 Loom
18:56 Fishing Lines
20:05 Wheelbarrow
19:17 Double-Bit Axe
19:44 Town Watch
27:05 Fletching
28:13 Forging
30:08 Padded Archer Armor
35:30 Castle Age
36:08 Bodkin Arrow
36:36 Leather Archer Armor
36:35 Crossbowman
37:43 Ballistics
37:34 Masonry
37:08 Treadmill Crane
38:45 Masonry
40:28 Gold Mining
44:57 Thumb Ring
49:38 Light Cavalry
50:29 Bloodlines
51:53 Husbandry
Connection lost

Rejoining the realm…

Still unreachable

The connection could not be restored.

Session expired

The server has moved on; the page needs a fresh start.